cohdb
Replays
Latest Replays
All Replays
Popular Replays
Top Player Replays
Match Explorer
How It Works
Community
CoH3 Stats
Reddit
Sign in to upload your games and track your stats! →
Sign in with Steam
Match 40879627
Unlisted
Match 40879627
Overview
Messages
Build Orders
End
Kettenkrad Recon Vehicle
Construct Infanterie Kompanie
Selects Terror Battlegroup
Selects Machine Gun Camouflage
MG 42 Machine Gun Team
Grenadier Squad
GrW 34 Mortar Team
Infanterie Officer Quarters
Selects Interrogate
Grenadier Squad
Construct Luftwaffe Kompanie
Jäger Squad
MG 42 Machine Gun Team
Support Elements
Wirbelwind Flakpanzer
Selects No Quarter
Jäger Squad
Pioneer Squad
Luftwaffe Officer Quarters
Grenadier Squad
Selects No Quarter
Construct Panzer Kompanie
Jäger Squad
Jäger Squad
Selects King Tiger Heavy Tank
Jäger Squad
Grenadier Squad
Selects Propaganda Leaflet Drop
King Tiger Heavy Tank
Selects Propaganda Leaflet Drop
Wirbelwind Flakpanzer
Propaganda Leaflet Drop
Selects V1 Rocket Strike
Stoßtruppen Squad
V1 Rocket Strike
Propaganda Leaflet Drop
米狄奥
Sir Rob
Emat
浅夜入梦丶
xd3athx
vonAJ
kibwig511
q11223312354
0
0
Comments
sign in to comment!
No comments posted yet!